 Dungeon Crawl Stone Soup version 0.31.0-4-g52a2dc7128 (webtiles) character file.

Game seed: 8969397125885908859

92 Daunt the Ruffian (level 4, -7/12 (44) HPs)
             Began as a Troll Gladiator on Jan 23, 2024.
             Mangled by an iguana (10 damage)
             ... on level 3 of the Dungeon.
             The game lasted 00:06:47 (2316 turns).

Daunt the Ruffian (Troll Gladiator)                 Turns: 2316, Time: 00:06:47

HP:   -7/12 (44)    AC:  5    Str: 23 (24) XL:     4   Next: 35%
MP:   3/3           EV: 10    Int:  4      God:
Gold: 90            SH:  0    Dex: 11      Spells: 3/3 levels left

rFire   . .          .
                       - Unarmed
rCold   . . .        (no shield)
rNeg    . . .        a - +0 robe
rPois   .            b - +0 hat
rElec   .            n - +0 cloak
rCorr   .            (gloves unavailable)
SInv    +            (boots unavailable)
Will    .....        (no amulet)
Stlth   +            s - ring of see invisible
HPRegen 1.02/turn    (no ring)
MPRegen 0.08/turn

%: no passive effects
@: extremely drained
A: large, unfitting armour, claws 3, regeneration 1, shaggy fur 1, tough skin 1
a: no special abilities


You were on level 3 of the Dungeon.
You visited 1 branch of the dungeon, and saw 3 of its levels.

You collected 90 gold pieces.

Inventory:

Missiles
 c - 3 throwing nets
 d - a large rock
 f - 6 stones
 p - 5 poisoned darts (quivered)
Armour
 a - a +0 robe (worn)
 b - a +0 hat (worn)
 n - a +0 cloak (worn)
Jewellery
 i - an amulet of faith
 s - a ring of see invisible (left claw)
Talismans
 q - a granite talisman
Wands
 t - a wand of flame (20)
Scrolls
 h - 4 scrolls of identify {unknown}
 k - a scroll of noise {unknown}
 l - a scroll of brand weapon {unknown}
 r - a scroll of teleportation {unknown}
 u - a scroll of enchant weapon {unknown}
Potions
 e - 2 potions of curing {unknown}
 g - 2 potions of lignification {unknown}
 j - 2 potions of invisibility {unknown}
 m - a potion of haste {unknown}
 o - 2 potions of mutation {unknown}


   Skills:
 + Level 2.5 Fighting
 - Level 1.7 Throwing
 - Level 2.4 Dodging
 * Level 4.6 Unarmed Combat


You had 3 spell levels left.
You didn't know any spells.
Your spell library contained the following spells:

 Spells                   Type           Power      Damage    Failure   Level
 Kiss of Death            Conj/Necr      0%         2d5       50%         1
 Cigotuvi's Dreadful Rot  Necr/Alch/Air  0%         N/A       65%         2
 Sublimation of Blood     Necr           0%         N/A       65%         2
 Fugue of the Fallen      Necr           0%         N/A       86%         3


Dungeon Overview and Level Annotations

Branches:
Dungeon (3/15)

Altars:
Kikubaaqudgha

Annotations:
D:2 Sigmund


Innate Abilities, Weirdness & Mutations

You are too large for most types of armour.
You have claws for hands.
Your natural rate of healing is unusually fast.
You are covered in fur. (AC +1)
You have tough skin. (AC +1)


Message History

The bat closely misses you.
You barely miss the bat. The bat misses you. The bat closely misses you.
You claw the bat!
You kill the bat!
Kikubaaqudha cackles.
A spectral bat comes into view.
The spectral bat hits you but does no damage.
The spectral bat misses you.
The spectral bat hits you but does no damage.
You closely miss the spectral bat.
The spectral bat hits you but does no damage. x2
The spectral bat closely misses you.
You scratch the spectral bat.
The spectral bat is lightly damaged.
The spectral bat closely misses you. The spectral bat barely misses you.
You claw the spectral bat!
You destroy the spectral bat!
No target in view!
No target in view!
u - a scroll labelled JAOVUG AFUMIZ An iguana comes into view.
The iguana hisses angrily.
You closely miss the iguana. The iguana bites you.
You scratch the iguana but do no damage.
The iguana bites you!
Ouch! That really hurt!
* * * LOW HITPOINT WARNING * * *
You are too injured to fight recklessly!
You are too injured to fight recklessly!
Unknown command.
You completely miss the iguana. You claw the iguana!
The iguana is almost dead.
The iguana bites you.
* * * LOW HITPOINT WARNING * * *
You completely miss the iguana.
The iguana is almost dead.
The iguana bites you!
Ouch! That really hurt!
You die...

.#
.#################
.##.##...........#
.#...#.#########.#
.......# #.#
.......# #.#
.##.#### #.# ###.#
#.# #.# #@# #+#
#l# #.# ... #..
..#. ..#. #.#..


You could see an iguana.

Vanquished Creatures
  4 adders
  A dart slug (D:1)
  2 ribbon worms (D:2)
  4 bats
  A bat zombie (D:2)
  3 endoplasms
  2 goblins (D:2)
  6 hobgoblins
  7 jackals
  4 quokkas
  3 ball pythons
  An endoplasm zombie (D:3)
  2 frilled lizards (D:1)
  A jackal zombie (D:3)
  3 kobolds (D:1)
44 creatures vanquished.

Notes
Turn   | Place    | Note
-------+----------+-------------------------------------------
     0 | D:1      | Daunt the Troll Gladiator began the quest for the Orb.
     0 | D:1      | Reached XP level 1. HP: 19/19 MP: 0/0
   244 | D:1      | Reached XP level 2. HP: 28/28 MP: 1/1
   319 | D:1      | Found a faded altar of an unknown god.
   320 | D:1      | Noticed a glass eye
   325 | D:1      | Noticed a glass eye
   383 | D:1      | Noticed a shining eye
   385 | D:1      | Noticed a shining eye
   390 | D:1      | Prayed at the altar of an unknown god.
   390 | D:1      | Became a worshipper of Kikubaaqudgha
   390 | D:1      | Reached * piety under Kikubaaqudgha
   390 | D:1      | Received a gift from Kikubaaqudgha
   391 | D:1      | Fell from the grace of Kikubaaqudgha
   810 | D:2      | Reached XP level 3. HP: 23/26 MP: 2/2
  1069 | D:2      | Reached skill level 4 in Unarmed Combat
  1158 | D:2      | Noticed Sigmund
  1490 | D:2      | Reached XP level 4. HP: 9/23 MP: 3/3
  2316 | D:3      | Mangled by an iguana

Illustrated notes

Levels and vault maps discovered:
D:1:      dpeg_arrival_rooms_c, layout_loops_ring,
          hellmonk_ecumenical_altar_watching_god
D:2:      layout_basic, uniq_sigmund
D:3:      layout_loops_corners, regret_index_temple_of_mockery

Skill      XL: |  1  2  3 |
---------------+----------+-----
Fighting       | 2 |  2.5
Unarmed Combat | 4 |  4.6
Throwing       | |  1.7
Dodging        | |  2.4

Action                     |  1- 3 |  4- 6 || total
---------------------------+-------+-------++-------
  Melee: Unarmed           |    94 |    39 ||   133
 Invoke: Renounce Religion |     1 |       ||     1
   Stab: Sleeping          |     1 |       ||     1
 Armour: Robe              |    58 |    25 ||    83
  Dodge: Dodged            |    44 |    20 ||    64
